 Dungeon Crawl Stone Soup version 0.31.0-32-g396128a36d (webtiles) character file.

Game seed: 4073344203867303942

343 firemarshallily the Conjurer (level 6, -9/41 HPs)
             Began as an Octopode Conjurer on Mar 10, 2024.
             Was a Follower of Makhleb.
             Mangled by a gnoll sergeant
             ... wielding a +0 war axe
              (12 damage)
             ... on level 4 of the Dungeon.
             The game lasted 00:08:16 (3445 turns).

firemarshallily the Conjurer (Octopode Conjurer)    Turns: 3445, Time: 00:08:17

Health: -9/41      AC:  1    Str:  6    XL:     6   Next: 57%
Magic:  17/21      EV: 12    Int: 29    God:    Makhleb [*.....]
Gold:   176        SH:  9    Dex: 10    Spells: 3/13 levels left

rFire   . . .        g - +2 short sword (flame)
rCold   . . .        o - +0 buckler
rNeg    . . .        (helmet restricted)
rPois   .            q - amulet of reflection
rElec   .            n - +6 ring of intelligence
rCorr   .            p - ring of magical power
SInv    .            (no ring)
Will    .....        (no ring)
Stlth   +++          (no ring)
HPRegen 0.26/turn    (no ring)
MPRegen 0.17/turn    (no ring)
                     (no ring)

%: reflection
@: attractive, studying Unarmed Combat
A: almost no armour, amphibious, 8 rings, camouflage 1, gelatinous body 1,
(nimble swimmer 1), tentacles
a: Renounce Religion


You were on level 4 of the Dungeon.
You worshipped Makhleb.
Makhleb was aware of your devotion.
You visited 1 branch of the dungeon, and saw 4 of its levels.

You collected 176 gold pieces.

Inventory:

Hand Weapons
 g - a +2 short sword of flaming (weapon)
Missiles
 b - 9 stones
 k - 4 poisoned darts
Armour
 o - a +0 buckler (worn)
Jewellery
 n - a +6 ring of intelligence (left tentacle)
 p - a ring of magical power (right tentacle)
 q - an amulet of reflection (around mantle)
Scrolls
 c - a scroll of brand weapon
 d - 4 scrolls of identify
 f - a scroll of noise {unknown}
 h - a scroll of revelation {unknown}
 i - 2 scrolls of butterflies {unknown}
 j - a scroll of poison {unknown}
 m - 3 scrolls of immolation {unknown}
Potions
 a - 2 potions of magic
 e - a potion of attraction
 r - a potion of enlightenment {unknown}


   Skills:
 + Level 2.4 Fighting
 + Level 3.3 Dodging
 - Level 2.6 Stealth
 * Level 1.2 Shields
 * Level 4.1 Spellcasting
 + Level 4.8 Conjurations


You had 3 spell levels left.
You knew the following spells:

 Your Spells              Type           Power      Damage    Failure   Level
a - Magic Dart            Conj           100%       1d8       1%          1
b - Searing Ray           Conj           68%        2d6       2%          2
c - Fulminant Prism       Conj/Alch      10%        3d8       41%         4
d - Hailstorm             Conj/Ice       20%        3d7       13%         3

Your spell library contained the following spells:

 Spells                   Type           Power      Damage    Failure   Level
 Freeze                   Ice            24%        1d4       12%         1
 Frozen Ramparts          Ice            12%        1d2       34%         3
 Iskenderun's Mystic Bla  Conj/Tloc      20%        2d6       41%         4


Dungeon Overview and Level Annotations

Branches:
Dungeon (4/15)
 Temple: D:4-7

Altars:
Ashenzari
Makhleb
Nemelex Xobeh


Innate Abilities, Weirdness & Mutations

You cannot wear most types of armour.
You are amphibious.
You can wear up to eight rings at the same time.
Your skin changes colour to match your surroundings (Stealth+).
Your rubbery body absorbs attacks. (AC +1, EV +1)
((You are camouflaged when in or above water. (Stealth+)))
You have tentacles for arms and can constrict up to eight enemies at once.


Message History

You can't see any susceptible monsters within range! (Use Z to cast anyway.)
Found a mace.
r - a purple potion
Found a trident.
A gnoll sergeant comes into view. It is wielding a +0 war axe.
A gnoll sergeant is nearby!
The magic dart hits the gnoll sergeant but does no damage.
The gnoll sergeant shouts!
The magic dart hits the gnoll sergeant but does no damage.
The magic dart hits the gnoll sergeant but does no damage.
The magic dart hits the gnoll sergeant but does no damage.
The magic dart hits the gnoll sergeant but does no damage.
The magic dart hits the gnoll sergeant but does no damage.
You barely miss the gnoll sergeant. You grab the gnoll sergeant.
You constrict the gnoll sergeant. The gnoll sergeant misses you.
You hit the gnoll sergeant but do no damage.
You tentacle-slap the gnoll sergeant, but do no damage.
You squeeze the gnoll sergeant, but do no damage.
The gnoll sergeant is lightly wounded.
You constrict the gnoll sergeant.
The gnoll sergeant hits you with a +0 war axe!
You hit the gnoll sergeant but do no damage.
You squeeze the gnoll sergeant, but do no damage.
The gnoll sergeant is lightly wounded.
You constrict the gnoll sergeant, but do no damage.
The gnoll sergeant hits you with a +0 war axe!
As you read the scroll labelled TIOSTECSOTT, it crumbles to dust.
It is a scroll of identify.
c - a scroll of brand weapon You constrict the gnoll sergeant, but do no damage.
The gnoll sergeant hits you with a +0 war axe!
* * * LOW HITPOINT WARNING * * *
It was a potion of attraction.
You feel attractive to monsters.
You constrict the gnoll sergeant. You block the gnoll sergeant's attack.
It was a potion of cancellation.
Your magical effects are unravelling.
You feel magically purged.
You constrict the gnoll sergeant.
The gnoll sergeant hits you with a +0 war axe!
You die...

.. .....# .... )..
#....# ).. .... ##
..##...# .. ....##. ..
#..## .# .....
#.##...##.# # ##...
#..#...#.####.
###...g#####.#..........
.......@#.............#
...####.........##....#
##.####....###..## #..##
#...## ##.###
##...###..## #..#.
##.........# ##...
#..#......## ##....
##........######.....
##.........##.....##


You could see a gnoll sergeant.

Vanquished Creatures
  A water moccasin (D:4)
  Crazy Yiuf (D:2)
  2 orc priests (D:3)
  3 adders
  3 gnolls (D:2)
  A dart slug (D:4)
  4 ribbon worms
  8 orcs
  5 ball pythons
  9 endoplasms
  2 giant cockroaches
  4 goblins
  7 hobgoblins
  2 jackals (D:4)
  A quokka (D:3)
  6 bats
  2 frilled lizards
  5 kobolds
  6 rats
72 creatures vanquished.

Notes
Turn   | Place    | Note
-------+----------+-------------------------------------------
     0 | D:1      | firemarshallily the Octopode Conjurer began the quest for
                  | the Orb.
     0 | D:1      | Reached XP level 1. HP: 11/11 MP: 3/3
   172 | D:1      | Reached XP level 2. HP: 18/18 MP: 1/5
   336 | D:1      | Learned a level 2 spell: Searing Ray
   936 | D:2      | Reached XP level 3. HP: 17/22 MP: 6/6
  1012 | D:2      | Reached skill level 1 in Fighting
  1415 | D:2      | Found a runed translucent door.
  1416 | D:2      | Noticed Crazy Yiuf
  1423 | D:2      | Killed Crazy Yiuf
  1424 | D:2      | Reached XP level 4. HP: 4/28 MP: 2/8
  2067 | D:2      | Reached XP level 5. HP: 34/34 MP: 7/9
  2384 | D:3      | Found a broken altar of Ashenzari.
  2390 | D:3      | Learned a level 4 spell: Fulminant Prism
  2394 | D:3      | Learned a level 3 spell: Hailstorm
  2793 | D:3      | Found a faded altar of an unknown god.
  2802 | D:3      | Prayed at the altar of an unknown god.
  2802 | D:3      | Became a worshipper of Makhleb the Destroyer
  2802 | D:3      | Reached * piety under Makhleb
  3007 | D:3      | Found a sparkling altar of Nemelex Xobeh.
  3121 | D:4      | Reached XP level 6. HP: 39/39 MP: 11/11
  3170 | D:4      | Noticed a water moccasin
  3181 | D:4      | Killed a water moccasin
  3182 | D:4      | Reached skill level 1 in Shields
  3443 | D:4      | HP: 2/41 [gnoll sergeant/+0 war axe (12)]
  3445 | D:4      | Mangled by a gnoll sergeant

Illustrated notes

Levels and vault maps discovered:
D:1:      saegor_arrival_simple_a, layout_loops_ring
D:2:      layout_rooms, nicolae_elevator_lobby_asterisk, uniq_crazy_yiuf_cottage
D:3:      layout_basic, lemuel_coloured_pillars_altar,
          mainiacjoe_overflow_brackets, ebering_ecumenical_altar_box,
          minmay_between
D:4:      layout_layer_cave, general_overflow_altar, gammafunk_ghost_smash,
          serial_bayou_lagoon_a, minmay_manual_monolith

Skill      XL: |  1  2  3  4  5  6 |
---------------+-------------------+-----
Fighting       | 1 2 |  2.4
Spellcasting   | 3 4 |  4.1
Dodging        | 3 |  3.3
Shields        | 1 |  1.2
Stealth        | |  2.6
Conjurations   | |  4.8

Action                     |  1- 3 |  4- 6 || total
---------------------------+-------+-------++-------
  Melee: Unarmed           |     3 |       ||     3
         Short sword       |     5 |    24 ||    29
         Tentacles         |     2 |     5 ||     7
         Constrict         |     2 |     4 ||     6
         Punch             |       |     1 ||     1
  Throw: Stone             |     1 |       ||     1
   Cast: Magic Dart        |    46 |    85 ||   131
         Searing Ray       |     3 |     6 ||     9
    Use: Potion            |       |     2 ||     2
         Scroll            |       |     1 ||     1
   Stab: Sleeping          |     1 |       ||     1
 Armour: Skin              |     3 |    16 ||    19
  Dodge: Dodged            |     5 |     9 ||    14
  Block: Buckler           |       |     1 ||     1
